 Dungeon Crawl Stone Soup version 0.19-a0-1155-gb6eeeff (webtiles) character file.

92551 Duffy the Fighter (level 16, -11/93 HPs)
             Began as a Vine Stalker Gladiator on Aug 13, 2016.
             Was the Champion of Makhleb.
             Shot with an arrow by Nessos (14 damage)
             ... on level 13 of the Dungeon.
             The game lasted 00:40:08 (19963 turns).

Duffy the Fighter (Vine Stalker Gladiator)         Turns: 19963, Time: 00:40:09

Health: -11/93     AC: 20    Str: 21    XL:     16   Next: 6%
Magic:  0/25       EV: 10    Int: 10    God:    Makhleb [******]
Gold:   824        SH:  0    Dex: 17    Spells: 0 memorised, 15 levels left

rFire  . . .     SeeInvis +     a - +1 great sword (vamp)
rCold  . . .     Gourm    .     I - +0 plate armour (curse)
rNeg   . . .     Faith    .     (shield currently unavailable)
rPois  .         Spirit   +     i - +2 helmet {SInv}
rElec  .         Dismiss  .     k - +0 cloak
rCorr  .         Reflect  .     E - +0 pair of gloves
MR     +++..     Harm     .     (no boots)
Stlth  .......... Clarity  +    K - amulet of regeneration
                                V - ring of protection from magic
                                s - +4 ring of slaying

@: lethally poisoned (-11 -> -14)
A: fangs 3, clarity, high mp 1, regeneration 3, magic shield, antimagic bite, no
device heal 3, rot immunity
a: Minor Destruction, Lesser Servant of Makhleb, Major Destruction, Greater
Servant of Makhleb, Renounce Religion


You were on level 13 of the Dungeon.
You worshipped Makhleb.
Makhleb was exalted by your worship.
You were not hungry.

You visited 4 branches of the dungeon, and saw 22 of its levels.
You also visited: Labyrinth, Sewer and Bailey.

You collected 2983 gold pieces.
You spent 2159 gold pieces at shops.


Innate Abilities, Weirdness & Mutations

You have razor-sharp teeth.
You regenerate.
When hurt, damage is shared between your health and your magic reserves.
Your bite disrupts and absorbs the magic of your enemies.
Potions and wands cannot restore your health.
You are immune to rotting.
You possess an exceptional clarity of mind.
You have an increased reservoir of magic. (+10% MP)


   Skills:
 + Level 14.5 Fighting
 + Level 14.0 Long Blades
 - Level 1.7 Throwing
 - Level 10.0 Armour
 + Level 6.7 Dodging
 - Level 7.8 Invocations
 - Level 5.0 Evocations


You had 15 spell levels left.
You didn't know any spells.

Inventory:

Hand Weapons
 a - a +1 vampiric great sword (weapon)
 b - a +1 scimitar of flaming
 B - a +0 blowgun
 C - a +0 great sword
Missiles
 d - 5 throwing nets (quivered)
 R - 6 curare-tipped needles
Armour
 i - a +2 helmet of see invisible (worn)
 k - a +0 cloak (worn)
 E - a +0 pair of gloves (worn)
 I - a cursed +0 plate armour (worn)
Jewellery
 m - an uncursed ring of protection from cold
 o - an uncursed amulet of rage
 s - a +4 ring of slaying (left hand)
 y - an uncursed ring of protection from fire
 H - an uncursed ring of positive energy
 K - an amulet of regeneration (around neck)
 M - an uncursed ring of resist corrosion
 V - a ring of protection from magic (right hand)
Wands
 j - a wand of digging (11/24)
 O - a wand of digging (9/24)
 Q - a wand of disintegration (15/24)
 X - a wand of acid (2/15)
 Y - a wand of disintegration (6/24)
Scrolls
 c - 4 scrolls of magic mapping
 g - a scroll of recharging
 l - 5 scrolls of remove curse
 p - a scroll of immolation
 r - 4 scrolls of teleportation
 u - 2 scrolls of vulnerability
 v - a scroll of enchant armour
 w - 3 scrolls of fear
 F - 2 scrolls of fog
 G - 2 scrolls of blinking
 L - a scroll of silence
 U - a scroll of identify
Potions
 e - 6 potions of flight
 h - 5 potions of agility
 n - 2 potions of invisibility
 q - 13 potions of curing
 t - 5 potions of resistance
 x - a potion of haste
 z - 6 potions of might
 D - 3 potions of magic
 P - 2 potions of cancellation
 S - 2 potions of berserk rage
Miscellaneous
 J - a fan of gales
 Z - a phantom mirror
Comestibles
 f - 10 bread rations
 A - 9 meat rations
 N - 7 beef jerkies
 T - 16 fruits

Dungeon Overview and Level Annotations

Branches:
Dungeon (13/15)            Temple (1/1) D:7            Lair (6/6) D:8
  Swamp (0/4) Lair:3       Spider (0/4) Lair:2        Slime (0/5) Lair:6
    Orc (2/2) D:11            Elf (0/3) Orc:2        Vaults (0/5) D:13

Altars:
Ashenzari
Cheibriados
Dithmenos
Elyvilon
Fedhas
Gozag
Hepliaklqana
Kikubaaqudgha
Makhleb
Nemelex Xobeh
Okawaru
Pakellas
Qazlal
Ru
Sif Muna
Trog
Uskayaw
Vehumet
Xom
Yredelemnul
Zin
The Shining One
Beogh

Shops:
D:5 *   D:7 !}   Orc:1 (   Orc:2 %![}

Portals:
Pandemonium: Orc:2

Annotations:
D:13 Nessos


Message History

You hit the orc knight. You bite the orc knight. You drain its power.
The orc knight is lightly wounded.
The orc knight hits you with a great sword!!
You hit the orc knight.
You feel better.
The orc knight is moderately wounded.
The orc knight hits you with a great sword!
Nessos blinks!
Evoke which item? (* to show all) (? for menu, Esc to quit)
Zapping:
Y - a wand of disintegration (will waste charges)
Press: ? - help, Shift-Dir - straight line, f - Nessos
Aim: Nessos, wearing a shiny centaur barding (fast, chance to defeat MR: 79%) Nessos is blasted.
Evoking this partially-identified wand wasted a few charges.
Nessos wields a runed longbow.
It bursts into flame!
Nessos shoots an arrow.
The arrow hits you!! The arrow burns you.
You are poisoned.
Nessos shoots an arrow.
The arrow hits you! The arrow burns you.
The orc knight hits you with a great sword.
Evoke which item? (* to show all) (? for menu, Esc to quit)
Zapping:
Y - a wand of disintegration {zapped: 3} (will waste charges)
Press: ? - help, Shift-Dir - straight line, f/p - Nessos
Aim: Nessos, wielding a longbow of flaming and wearing a shiny centaur barding (lightly wounded, fast, chance to defeat MR: 79%) Nessos barely resists.
Evoking this partially-identified wand wasted a few charges.
You feel sick.
Nessos shoots an arrow.
The arrow closely misses you.
Evoke which item? (* to show all) (? for menu, Esc to quit)
Zapping:
Y - a wand of disintegration {zapped: 6} (will waste charges)
Press: ? - help, Shift-Dir - straight line, f/p - Nessos
Aim: Nessos, wielding a longbow of flaming and wearing a shiny centaur barding (lightly wounded, fast, chance to defeat MR: 79%) Nessos is blasted.
Evoking this partially-identified wand wasted a few charges.
You feel sick.
Nessos shoots an arrow.
The arrow hits you! The arrow burns you.
You are more poisoned.
Nessos shoots an arrow.
The arrow hits you!! The arrow burns you! The orc knight closely misses you.
Evoke which item? (* to show all) (? for menu, Esc to quit)
Zapping:
Y - a wand of disintegration {zapped: 8} (will waste charges)
Press: ? - help, Shift-Dir - straight line, f/p - Nessos
Aim: Nessos, wielding a longbow of flaming and wearing a shiny centaur barding (heavily wounded, fast, chance to defeat MR: 79%) Nessos is blasted.
Evoking this partially-identified wand wasted a few charges.
Your skill with magical items lets you calculate the power of this device...
This wand has 6 charges left.
You feel sick.
Nessos drinks a potion.
Nessos is healed!
The orc knight hits you but does no damage.
You closely miss the orc knight.
The orc knight is moderately wounded.
You feel sick.
Nessos shoots an arrow.
The arrow barely misses you.
Nessos shoots an arrow.
The arrow hits you!
You die...

###......#.... .........#..#
.........#... ............#
.........#..#### ............#
.........#..#..# .......C.%..#
.........#'##..#####p...ppp...+
.......................p..pp..#
####.%.........p..o.c...\<.up.#
#.....######o##......<>.p..#
#.....#......@#>...op..p...#
#......#.......#......ppp...#
#......#...c...#...c...0....#
##.....#.......#............#
#.....#########............#
............#


You could see Nessos, an orc knight and a human.

Action                   |  1- 3 |  4- 6 |  7- 9 | 10-12 | 13-15 | 16-18 || total
-------------------------+-------+-------+-------+-------+-------+-------++-------
Melee: Long sword        |    85 |    90 |   348 |   466 |       |       ||   989
       Bite              |    19 |    24 |   122 |   193 |   501 |    33 ||   892
       Scimitar          |       |       |       |    62 |   951 |       ||  1013
       Great sword       |       |       |       |       |   215 |    99 ||   314
Invok: Lesser Servant of |       |       |       |       |     4 |       ||     4
 Abil: Evoke Berserk Rag |     1 |     3 |     6 |    15 |    15 |       ||    40
Evoke: Wand              |       |       |       |     6 |     5 |     4 ||    15
  Use: Scroll            |       |     7 |     9 |     2 |    10 |     3 ||    31
       Potion            |       |       |       |     2 |     1 |       ||     3
  Eat: Chunk             |       |     7 |    14 |    25 |    25 |     2 ||    73
       Beef jerky        |       |       |     1 |     2 |     1 |       ||     4
       Fruit             |       |       |       |     6 |     1 |       ||     7
       Pizza             |       |       |       |       |     3 |       ||     3
       Bread ration      |       |       |       |       |     2 |     1 ||     3
Armor: Leather armour    |    21 |    15 |       |       |       |       ||    36
       Plate armour      |       |    18 |   170 |   316 |   524 |    38 ||  1066
       Scale mail        |       |     5 |       |       |       |       ||     5
Dodge: Dodged            |    48 |    41 |    68 |   131 |   345 |    42 ||   675
Block: Shield            |       |       |       |    96 |       |       ||    96

Notes
Turn   | Place    | Note
-------+----------+-------------------------------------------
     0 | D:1      | Duffy the Vine Stalker Gladiator began the quest for the Orb.
     0 | D:1      | Reached XP level 1. HP: 11/11 MP: 2/2
   224 | D:1      | Reached skill level 2 in Fighting
   276 | D:1      | Reached skill level 3 in Long Blades
   276 | D:1      | Reached XP level 2. HP: 12/15 MP: 3/3
   505 | D:2      | Found a runed door.
   672 | D:2      | Reached XP level 3. HP: 18/18 MP: 4/4
   715 | D:2      | Found a glowing golden altar of the Shining One.
   818 | D:2      | Found a hide-covered altar of Uskayaw.
  1111 | D:2      | Noticed Crazy Yiuf
  1117 | D:2      | Killed Crazy Yiuf
  1117 | D:2      | Reached skill level 3 in Fighting
  1117 | D:2      | Reached XP level 4. HP: 24/24 MP: 3/5
  1187 | D:3      | Found a shimmering altar of Xom.
  1211 | D:3      | Reached skill level 4 in Long Blades
  1255 | D:3      | Found a hazy altar of Hepliaklqana.
  1454 | D:3      | Reached XP level 5. HP: 25/28 MP: 6/6
  1661 | D:3      | Reached skill level 1 in Evocations
  1813 | D:4      | Got a translucent ring mail
  1955 | D:4      | Gained mutation: You heal very quickly. [Vine Stalker growth]
  1955 | D:4      | Reached XP level 6. HP: 33/33 MP: 6/8
  2119 | D:5      | Entered Level 5 of the Dungeon
  2199 | D:5      | Reached skill level 2 in Evocations
  2205 | D:5      | Reached skill level 4 in Fighting
  2207 | D:5      | Reached skill level 5 in Long Blades
  2296 | D:5      | Reached XP level 7. HP: 34/37 MP: 9/9
  2379 | D:5      | Found Ogreth Zusa's General Store.
  2491 | D:5      | Found a deep blue altar of Sif Muna.
  2704 | D:6      | Reached skill level 1 in Armour
  2707 | D:6      | Reached skill level 3 in Evocations
  2779 | D:6      | Reached skill level 2 in Armour
  2841 | D:6      | Noticed Tux's ghost (novice VSMo)
  2845 | D:6      | Gained mutation: You have razor-sharp teeth. [Vine Stalker growth]
  2845 | D:6      | Reached XP level 8. HP: 15/42 MP: 8/11
  2849 | D:6      | Killed Tux's ghost
  2849 | D:6      | Reached skill level 6 in Long Blades
  2849 | D:6      | Reached skill level 4 in Evocations
  2901 | D:6      | Reached skill level 3 in Armour
  3197 | D:6      | Found a glowing drain.
  3223 | Sewer    | Entered a sewer
  4281 | D:7      | Found an oddly glowing altar of Pakellas.
  4281 | D:7      | Found Pakellas's Prime Provisions.
  4308 | D:7      | Found a staircase to the Ecumenical Temple.
  4323 | Temple   | Entered the Ecumenical Temple
  4349 | Temple   | Became a worshipper of Makhleb the Destroyer
  4365 | D:7      | Reached skill level 4 in Armour
  4365 | D:7      | Reached skill level 5 in Evocations
  4386 | D:7      | Reached XP level 9. HP: 45/45 MP: 13/13
  4439 | D:7      | Reached skill level 7 in Long Blades
  4576 | D:5      | Bought a +2 helmet of see invisible for 279 gold pieces
  4680 | D:7      | Found Iroothet's Distillery.
  4689 | D:7      | Bought a potion of degeneration for 11 gold pieces
  4726 | D:7      | Reached skill level 5 in Fighting
  4863 | D:7      | Reached skill level 5 in Armour
  5098 | D:8      | Reached skill level 8 in Long Blades
  5336 | D:8      | Reached * piety under Makhleb
  5341 | D:8      | Reached skill level 6 in Fighting
  5341 | D:8      | Reached XP level 10. HP: 47/53 MP: 11/14
  5486 | D:8      | Found a shattered altar of Ashenzari.
  5584 | D:8      | Found a staircase to the Lair.
  5948 | D:9      | Noticed an eight-headed hydra
  5951 | D:9      | Reached skill level 6 in Armour
  6558 | D:8      | Reached ** piety under Makhleb
  6558 | D:8      | Reached skill level 7 in Fighting
  6562 | D:8      | Reached skill level 9 in Long Blades
  6675 | D:10     | Entered Level 10 of the Dungeon
  6795 | D:10     | Reached skill level 7 in Armour
  6922 | D:10     | Reached XP level 11. HP: 59/59 MP: 15/15
  7132 | D:10     | Reached *** piety under Makhleb
  7277 | D:10     | Noticed Snorg
  7284 | D:10     | Killed Snorg
  7284 | D:10     | Reached skill level 8 in Fighting
  7907 | Lair:1   | Entered Level 1 of the Lair of Beasts
  8173 | Lair:1   | Reached skill level 10 in Long Blades
  8546 | Lair:1   | Reached skill level 8 in Armour
  9131 | Lair:2   | Reached skill level 9 in Fighting
  9147 | Lair:2   | Gained mutation: You regenerate. [Vine Stalker growth]
  9147 | Lair:2   | Reached XP level 12. HP: 66/66 MP: 16/16
  9190 | Lair:2   | Found a hole to the Spider Nest.
  9192 | Lair:2   | Noticed Erica
  9197 | Lair:2   | Reached **** piety under Makhleb
  9204 | Lair:2   | Killed Erica
  9479 | Lair:2   | Noticed a six-headed hydra
  9492 | Lair:2   | Killed a four-headed hydra
  9492 | Lair:2   | Reached skill level 9 in Armour
  9654 | Lair:2   | Reached skill level 11 in Long Blades
  9967 | Lair:2   | Noticed a catoblepas
  9983 | Lair:2   | Killed a catoblepas
 10333 | Lair:3   | Noticed Gastronok
 10337 | Lair:3   | Noticed a four-headed hydra
 10349 | Lair:3   | Killed a two-headed hydra
 10415 | Lair:3   | Killed Gastronok
 10415 | Lair:3   | Reached skill level 10 in Fighting
 10463 | Lair:3   | Found a staircase to the Swamp.
 10648 | D:7      | Bought a potion of experience for 550 gold pieces
 10649 | D:7      | Reached skill level 7 in Invocations
 10649 | D:7      | Reached XP level 13. HP: 72/72 MP: 16/19
 11630 | Lair:4   | Noticed Sonja
 11636 | Lair:4   | Killed Sonja
 11946 | Lair:4   | Reached skill level 12 in Long Blades
 11946 | Lair:4   | Reached XP level 14. HP: 69/77 MP: 17/20
 12723 | Lair:5   | Reached skill level 11 in Fighting
 13282 | Lair:5   | Reached skill level 13 in Long Blades
 13483 | Lair:5   | Reached ***** piety under Makhleb
 13483 | Lair:5   | Reached skill level 12 in Fighting
 13488 | Lair:5   | Noticed Rupert
 13509 | Lair:5   | Killed Rupert
 13818 | Lair:6   | Entered Level 6 of the Lair of Beasts
 13941 | Lair:6   | Found a staircase to the Slime Pits.
 14650 | Lair:6   | Reached XP level 15. HP: 85/85 MP: 21/21
 14659 | Lair:6   | Reached skill level 13 in Fighting
 14729 | Lair:6   | Found a runed door.
 14754 | Lair:6   | Reached skill level 14 in Long Blades
 15000 | Lair:6   | Reached skill level 3 in Dodging
 15504 | D:11     | Found a labyrinth entrance.
 15511 | D:11     | Reached skill level 10 in Armour
 15546 | Lab      | Entered a labyrinth
 15787 | Lab      | Reached skill level 4 in Dodging
 15833 | Lab      | Identified Sif Muna's Incunabulum of Congealing Weightlessness
 16277 | D:11     | Found a staircase to the Orcish Mines.
 16736 | Orc:1    | Entered Level 1 of the Orcish Mines
 16756 | Orc:1    | Reached ****** piety under Makhleb
 16758 | Orc:1    | Found a flagged portal.
 16767 | Bailey   | Entered a bailey
 17055 | Orc:1    | Found a roughly hewn altar of Beogh.
 17206 | Orc:1    | Found Cont's Weapon Boutique.
 17330 | Orc:2    | Entered Level 2 of the Orcish Mines
 17348 | Orc:2    | Found a staircase to the Elven Halls.
 17398 | Orc:1    | Reached skill level 5 in Dodging
 17564 | Orc:2    | Found Neklounk's Distillery.
 17566 | Orc:2    | Found Ohey's Food Shop.
 17945 | Orc:2    | Gained mutation: You possess an exceptional clarity of mind. [a neqoxec]
 17946 | Orc:2    | Gained mutation: You have an increased reservoir of magic. (+10% MP) [a neqoxec]
 18002 | Orc:2    | Reached skill level 14 in Fighting
 18171 | Orc:2    | Reached skill level 6 in Dodging
 18397 | Orc:2    | Reached XP level 16. HP: 86/93 MP: 25/25
 18398 | Orc:2    | Found Lenirewn's Gadget Emporium.
 18398 | Orc:2    | Found a one-way gate leading to the halls of Pandemonium.
 18398 | Orc:2    | Found Teoffom's Antique Armour Shoppe.
 18863 | Orc:2    | Bought a potion of curing for 51 gold pieces
 18863 | Orc:2    | Bought a potion of invisibility for 136 gold pieces
 18863 | Orc:2    | Bought a potion of curing for 51 gold pieces
 18863 | Orc:2    | Bought 2 potions of might for 136 gold pieces
 18863 | Orc:2    | Bought a potion of agility for 68 gold pieces
 18863 | Orc:2    | Bought a potion of haste for 170 gold pieces
 18863 | Orc:2    | Bought a potion of invisibility for 136 gold pieces
 18863 | Orc:2    | Bought a potion of agility for 68 gold pieces
 18863 | Orc:2    | Bought a potion of curing for 51 gold pieces
 19045 | D:5      | Bought 2 throwing nets for 78 gold pieces
 19104 | D:7      | Bought a potion of resistance for 110 gold pieces
 19104 | D:7      | Bought a potion of resistance for 110 gold pieces
 19104 | D:7      | Bought a potion of resistance for 110 gold pieces
 19104 | D:7      | Bought a potion of agility for 44 gold pieces
 19784 | D:13     | Found a gate to the Vaults.
 19784 | D:13     | Noticed Nessos
 19963 | D:13     | Shot with an arrow by Nessos

Skill      XL: |  1  2  3  4  5  6  7  8  9 10 11 12 13 14 15 |
---------------+----------------------------------------------+-----
Fighting       | 2 3 4 6 7 9 10 12 14 | 14.5
Long Blades    | 3 4 5 6 8 9 10 11 12 13 14 | 14.0
Evocations     | 1 2 3 5 |  5.0
Armour         | 2 4 5 7 8 9 10 | 10.0
Invocations    | 7 |  7.8
Dodging        | 6 |  6.7
Throwing       | |  1.7

Vault maps used:
D:1:      lightli_arrival_isolated_outpost, minmay_heptomino_l4
D:2:      eat_drink_and_be_merry_uskayaw, nicolae_tso_carved_into_rock,
          uniq_crazy_yiuf_cottage
D:3:      overflow_temple_1_default, lemuel_round_altar
D:4:      first_bread, hangedman_decor_lopped, minmay_misc_feat_doors
D:5:      led_sif_pool, serial_shops, nicolae_shop_trees,
          eino_small_chamber_without_monster
D:6:      portal_sewer_entry_a, grunt_ministairs_4, serial_bayou_pond_e
D:7:      johnstein_pakellas_shop, serial_shops, shop, the_bakery
D:8:      kennysheep_blocky_hall, ashenzari_conservatory_becter, lair_0_dummy
D:10:     serial_curves, eino_curves_01, eino_curves_02, uniq_snorg
D:11:     erik_orc_1, lab_entry_generic, nrook_uturn
D:13:     david_vaults_3, basic_altar, minivault_25, xom_shifter_show
Temple:   nicolae_temple_no_exploring_needed
Lair:2:   nicolae_spider_entry_non_spiders, infiniplex_staircase_pool,
          grunt_megastairs_2, uniq_erica
Lair:3:   swamp_mist, grunt_megastairs_1, uniq_gastronok
Lair:4:   uniq_sonja
Lair:5:   grunt_megastairs_5, uniq_rupert
Lair:6:   guppyfry_lair_end_dragon, wormcave, slime_dummy, grunt_megastairs_3,
          lemuel_fruit_tree
Orc:1:    enter_bailey_3, serial_shops, nicolae_shop_trees, basic_altar
Orc:2:    pf_orc_diabolical
Lab:      nicolae_lab_dead_adventurers, nicolae_lab_grate_2,
          labyrinth_skeletal_remains, nicolae_lab_hexagon
Sewer:    sewer_co_scattered_pipes
Bailey:   bailey_axe_4, bailey

Vanquished Creatures
  Rupert Gastronok Snorg
  A minotaur
  2 fire dragons
  8 hydras Erica
  A catoblepas
  10 death yaks
  5 orc high priests Sonja
  A gelid demonspawn
  3 unseen horrors
  An infernal demonspawn
  A lindwurm
  A torturous demonspawn
  5 orc knights
  3 ugly things
  6 orc sorcerers
  3 griffons
  2 rust devils
  5 black mambas
  15 elephants
  A centaur zombie
  A gargoyle
  7 torpor snails
  A smoke demon
  9 komodo dragons
  6 spiny frogs
  A kobold demonologist
  4 rime drakes
  2 hellwings
  The ghost of Tux the Ruffian, a novice VSMo of Cheibriados
  2 polar bears
  2 trolls
  4 giant leeches
  3 two-headed ogres
  19 blink frogs
  A boulder beetle
  A spriggan
  A wyvern
  32 yaks
  2 basilisks
  A human
  6 hippogriffs
  2 hungry ghosts
  2 steam dragons
  A warg
  A neqoxec
  7 water moccasins
  6 porcupines
  44 orc warriors
  A swamp drake
  5 ice beasts
  2 phantoms
  5 sky beasts
  A necrophage
  7 wasps
  10 ogres
  An eye of draining
  6 centaurs
  23 crocodiles
  3 big kobolds
  12 giant frogs
  3 scorpions
  A water moccasin skeleton
  17 killer bees
  5 wights
  3 howler monkeys
  6 crimson imps
  A giant frog zombie Crazy Yiuf
  4 jellies
  30 orc priests
  4 hounds
  23 orc wizards
  2 centaur skeletons
  A giant frog skeleton
  13 iguanas
  6 worker ants
  8 sheep
  A hound skeleton
  A worker ant zombie
  A howler monkey zombie
  4 gnolls
  16 adders
  18 river rats
  3 shadow imps
  An adder skeleton
  6 worms
  A dart slug
  5 giant geckos
  86 orcs
  11 giant cockroaches
  10 goblins
  7 hobgoblins
  19 jackals
  33 kobolds
  4 quokkas
  2 ball pythons
  6 bats
  A giant gecko skeleton
  9 giant newts
  5 rats
  3 fungi
  18 plants
723 creatures vanquished.
